 Dungeon Crawl Stone Soup version 0.32-a0-391-gce5c0aab1b (webtiles) character file.

Game seed: 16803902237706769650

2245 hikkokomori the Firebug (level 9, -4/75 HPs)
             Began as a Mountain Dwarf Fire Elementalist on Feb 20, 2024.
             Was an Initiate of Gozag.
             Killed from afar by a gargoyle (16 damage)
             ... with a stone arrow
             ... on level 7 of the Dungeon.
             The game lasted 00:25:51 (5904 turns).

hikkokomori the Firebug (MDFE)                      Turns: 5904, Time: 00:25:52

Health: -4/75      AC:  7    Str: 13    XL:     9   Next: 15%
Magic:  2/16       EV: 10    Int: 18    God:    Gozag
Gold:   442        SH:  0    Dex: 10    Spells: 6/18 levels left

rFire   . . .        I - +4 flail (protect)
rCold   + + .        (no shield)
rNeg    . . .        K - +0 ring mail {rC+}
rPois   .            l - +0 helmet
rElec   .            Q - +0 cloak
rCorr   .            (no gloves)
SInv    .            (no boots)
Will    .....        (no amulet)
Stlth   +            v - +4 ring of slaying
HPRegen 0.32/turn    F - ring of protection from cold
MPRegen 0.15/turn

%: no passive effects
@: no status effects
A: runic magic, artefact enchanting
a: Renounce Religion, Potion Petition, Call Merchant, Bribe Branch


You were on level 7 of the Dungeon.
You worshipped Gozag.
Gozag was aware of your devotion.
You visited 2 branches of the dungeon, and saw 8 of its levels.
You also visited: Sewer.

You collected 516 gold pieces.
You paid 74 gold pieces to Gozag.

Inventory:

Hand Weapons
 f - a +0 short sword of protection
 m - a +0 scythe
 q - a +2 hammer of holy wrath
 r - a +0 longbow
 w - a +2 dagger of venom
 I - a +4 flail of protection (weapon)
 J - a +0 arbalest
Missiles
 d - 5 boomerangs
 D - 5 curare-tipped darts
Armour
 a - a +0 robe
 i - a +0 ring mail
 l - a +0 helmet (worn)
 s - a +0 chain mail
 t - a +0 troll leather armour {Pargi}
 G - a +0 chain mail
 H - a +0 scale mail
 K - a +0 ring mail of cold resistance (worn)
 Q - a +0 cloak (worn)
Jewellery
 c - an amulet of guardian spirit
 v - a +4 ring of slaying (left hand)
 F - a ring of protection from cold (right hand)
Wands
 L - a wand of digging (5)
Scrolls
 j - 2 scrolls of poison
 y - a scroll of immolation {unknown}
 z - a scroll of vulnerability
 B - a scroll of brand weapon {unknown}
 C - a scroll of enchant weapon {unknown}
 M - a scroll of enchant armour {unknown}
 N - a scroll of teleportation
 O - a scroll of noise {unknown}
 P - a scroll of fear {unknown}
Potions
 b - a potion of magic
 e - a potion of haste
 g - a potion of ambrosia {unknown}
 h - a potion of enlightenment
 n - a potion of attraction
 o - 2 potions of brilliance
 p - a potion of resistance
 u - a potion of berserk rage
 x - a potion of degeneration
 A - 3 potions of mutation
 E - a potion of heal wounds


   Skills:
 - Level 6.0 Fighting
 - Level 2.3 Throwing
 - Level 3.0 Armour
 - Level 1.3 Dodging
 - Level 2.0 Stealth
 - Level 5.0 Spellcasting
 - Level 1.0 Conjurations
 + Level 3.7 Hexes
 - Level 4.0 Translocations
 + Level 6.5 Fire Magic


You had 6 spell levels left.
You knew the following spells:

 Your Spells              Type           Power      Damage    Failure   Level
a - Foxfire               Conj/Fire      72%        2x1d7     3%          1
b - Scorch                Fire           56%        2d7       1%          2
c - Blink                 Tloc           36%        N/A       4%          2
d - Inner Flame           Hex/Fire       23%        N/A       6%          3
e - Manifold Assault      Tloc           18%        N/A       30%         4

Your spell library contained the following spells:

 Spells                   Type           Power      Damage    Failure   Level
 Apportation              Tloc           36%        N/A       3%          1
 Jinxbite                 Hex            36%        N/A       4%          2
 Lesser Beckoning         Tloc           36%        N/A       4%          2
 Volatile Blastmotes      Fire/Tloc      46%        2d13      5%          3
 Momentum Strike          Conj/Tloc      26%        3d8       9%          2
 Ensorcelled Hibernation  Hex/Ice        22%        N/A       11%         2
 Flame Wave               Conj/Fire      18%        2d7       32%         4
 Fugue of the Fallen      Necr           4%         N/A       43%         3
 Ozocubu's Armour         Ice            4%         N/A       43%         3
 Passwall                 Erth           4%         N/A       43%         3
 Swiftness                Air            4%         N/A       43%         3
 Yara's Violent Unravell  Hex/Alch       5%         3d4       90%         5
 Alistair's Intoxication  Alch           2%         N/A       99%         5
 Summon Cactus Giant      Summ           2%         N/A       100%        6
 Enfeeble                 Hex            9%         N/A       100%        7


Dungeon Overview and Level Annotations

Branches:
Dungeon (7/15)             Temple (1/1) D:5           Sewer (visited)

Altars:
Ashenzari
Cheibriados
Elyvilon
Fedhas
Gozag
Hepliaklqana
Kikubaaqudgha
Makhleb
Nemelex Xobeh
Okawaru
Qazlal
Ru
Uskayaw
Vehumet
Wu Jian
Xom
Yredelemnul
Zin
The Shining One

Shops:
D:5 ?

Annotations:
D:2 1 runed translucent door, Crazy Yiuf


Innate Abilities, Weirdness & Mutations

Your spellcasting is much less encumbered by armour.
You can use scrolls of enchantment on lesser artefacts.


Message History

Your +4 flail of protection hums with potential!
I - a +4 flail of protection (weapon)
The bullfrog hits you.
You hit the bullfrog.
Your weapon exudes an aura of protection.
The bullfrog is lightly wounded.
The bullfrog barely misses you.
The bullfrog hits you but does no damage.
You sock the bullfrog!
The bullfrog is severely wounded.
The bullfrog closely misses you.
The bullfrog hits you but does no damage.
You sock the bullfrog!
You kill the bullfrog!
A gargoyle comes into view. It is wielding a +0 mace.
You see here 10 gold pieces.
Casting: Inner Flame (dangerous; 6% risk of failure)
Confirm with . or Enter, or press ? or * to list all spells.
Aiming: Inner Flame (dangerous; 6% risk of failure)
Press: ? - help, Dir - move target, f - gargoyle
Aim: a gargoyle, wielding a +0 mace (chance to affect: 63%)
The gargoyle resists with significant effort.
Casting: Inner Flame (dangerous; 6% risk of failure)
Confirm with . or Enter, or press ? or * to list all spells.
Aiming: Inner Flame (dangerous; 6% risk of failure)
Press: ? - help, Dir - move target, f/p - gargoyle
Aim: a gargoyle, wielding a +0 mace (chance to affect: 63%)
The gargoyle is filled with an inner flame.
Casting: Inner Flame (dangerous; 6% risk of failure)
Confirm with . or Enter, or press ? or * to list all spells.
You conjure some foxfire!
The gargoyle hurls a stone arrow at you.
The stone arrow hits you!!
* * * LOW HITPOINT WARNING * * *
Your foxfire dissipates!
The foxfire hits the gargoyle but does no damage.
The gargoyle hurls a stone arrow at you.
The stone arrow hits you!
You die...
Your body crumbles into a pile of gold.

.) ... .#..# ###
.##.###.#.# #..
...##....#
#.######..#.....#
#.#≈≈≈≈#..#$.##.#
#.#≈⌠.≈#..#9.#
#.#≈_>≈#.....#
#.#≈≈≈≈'...###
#@######$#.# #
#§§§.9...#.#######
######...#.#....$y
#...#.#.#####
#.......#
#...##### #...#
#.).# ## #...#
####.


You could see a gargoyle (inner flame).

Vanquished Creatures
  Sigmund (D:2)
  A shadow (D:7)
  Edmund (D:5)
  Duvessa (D:5)
  A water moccasin (D:6)
  An orc warrior (D:6)
  Pargi (Sewer)
  A black bear (D:5)
  2 ogres (D:6)
  Blork the orc (D:6)
  A phantom (D:5)
  A brain worm (Sewer)
  A bullfrog (D:7)
  2 scorpions
  Dowan (D:5)
  2 killer bees (D:7)
  4 howler monkeys
  A jelly (D:6)
  A hound (D:5)
  A sleepcap (D:4)
  Jessica (D:2)
  An iguana (D:5)
  An orc wizard (D:6)
  Robin (D:3)
  5 adders
  A river rat (D:3)
  A shadow imp (D:5)
  2 white imps
  A dart slug (D:2)
  6 ribbon worms
  13 orcs
  2 endoplasms
  3 giant cockroaches
  19 goblins
  11 hobgoblins
  2 jackals (D:4)
  2 quokkas
  8 ball pythons
  2 ball python skeletons (D:2)
  14 bats
  2 frilled lizards
  A jackal zombie (D:2)
  8 kobolds
  A quokka zombie (D:2)
  2 rats
136 creatures vanquished.

Vanquished Creatures (others)
  An orc wizard (D:5)
  226 foxfires
227 creatures vanquished.

Grand Total: 363 creatures vanquished

Notes
Turn   | Place    | Note
-------+----------+-------------------------------------------
     0 | D:1      | hikkokomori the Mountain Dwarf Fire Elementalist began the
                  | quest for the Orb.
     0 | D:1      | Reached XP level 1. HP: 14/14 MP: 3/3
    90 | D:1      | Reached skill level 1 in Conjurations
   207 | D:1      | Reached XP level 2. HP: 20/20 MP: 0/5
   386 | D:1      | Found a faded altar of an unknown god.
   449 | D:1      | Learned a level 2 spell: Scorch
   695 | D:2      | Reached skill level 1 in Fighting
   757 | D:2      | Learned a level 2 spell: Blink
   896 | D:2      | Reached XP level 3. HP: 28/28 MP: 0/6
  1092 | D:2      | Reached skill level 1 in Translocations
  1355 | D:2      | Noticed Sigmund
  1489 | D:2      | Killed Sigmund
  1490 | D:2      | Reached XP level 4. HP: 28/40 MP: 1/8
  1490 | D:2      | Reached XP level 5. HP: 32/46 MP: 1/9
  1642 | D:2      | Learned a level 3 spell: Inner Flame
  1882 | D:2      | Noticed Jessica
  1894 | D:2      | Killed Jessica
  1895 | D:2      | Reached XP level 6. HP: 49/52 MP: 6/10
  2017 | D:2      | Found a runed translucent door.
  2018 | D:2      | Noticed Crazy Yiuf
  2218 | D:3      | Noticed Robin
  2223 | D:3      | Killed Robin
  2224 | D:3      | Reached skill level 1 in Hexes
  2600 | D:3      | Found a glowing drain.
  2624 | Sewer    | Entered a sewer
  2664 | Sewer    | Reached skill level 1 in Armour
  2679 | Sewer    | Noticed Pargi
  2688 | Sewer    | Killed Pargi
  2906 | D:3      | Reached XP level 7. HP: 53/60 MP: 11/11
  3078 | D:4      | Reached skill level 5 in Fighting
  3546 | D:5      | Entered Level 5 of the Dungeon
  3546 | D:5      | Found Xatafen's Magic Scroll Emporium.
  3672 | D:5      | Found a staircase to the Ecumenical Temple.
  3672 | D:5      | Noticed Duvessa
  3672 | D:5      | Noticed Dowan
  3799 | D:5      | Found a white marble altar of Elyvilon.
  3820 | D:5      | Killed Duvessa
  3848 | D:5      | Killed Dowan
  3864 | Temple   | Entered the Ecumenical Temple
  4041 | Temple   | Became a worshipper of Gozag Ym Sagoz the Greedy
  4216 | D:5      | Learned a level 4 spell: Manifold Assault
  4262 | D:5      | Reached skill level 5 in Fire Magic
  4403 | D:5      | Reached skill level 1 in Throwing
  4403 | D:5      | Reached XP level 8. HP: 68/68 MP: 10/13
  4913 | D:6      | Noticed Blork the orc
  5039 | D:6      | Noticed Edmund
  5200 | D:5      | Killed Edmund
  5252 | D:6      | Killed Blork the orc
  5796 | D:7      | Reached skill level 5 in Spellcasting
  5852 | D:7      | Reached XP level 9. HP: 58/75 MP: 6/16
  5884 | D:7      | Found a blossoming altar of Fedhas.
  5893 | D:7      | Noticed a gargoyle
  5904 | D:7      | Killed from afar by a gargoyle

Illustrated notes

Levels and vault maps discovered:
D:1:      lightli_arrival_statuegarden, layout_rooms, basic_ecumenical_altar
D:2:      layout_loops_cross, serial_undead, serial_undead_e, serial_undead_c,
          serial_undead_d, serial_undead_b, grunt_ministairs_10, uniq_jessica,
          uniq_crazy_yiuf_cottage, uniq_sigmund
D:3:      minmay_angry_zag, layout_loops_cross, portal_sewer_entry_a, uniq_robin
D:4:      layout_rooms, kennysheep_boxes
D:5:      layout_gridville, elyvilon_altar_5, minmay_temple_entry_hall,
          nicolae_stop_n_shop_1, uniq_duvessa
D:6:      layout_rooms, chequers_mini_garden, uniq_edmund, uniq_blork_the_orc
D:7:      layout_rooms, general_overflow_altar, minmay_the_grid_2x2
          [minmay_the_grid_expand, minmay_the_grid_outer_circle,
          minmay_the_grid_large_cup, minmay_the_grid_prize_shrinking_boxes],
          uniq_menkaure
Temple:   nicolae_temple_bog_church

Skill      XL: |  1  2  3  4  5  6  7  8 |
---------------+-------------------------+-----
Conjurations   | 1 |  1.0
Spellcasting   | 2 3 5 |  5.0
Fire Magic     | 4 5 6 |  6.5
Fighting       | 1 3 4 5 6 |  6.0
Stealth        | 2 |  2.0
Translocations | 2 3 4 |  4.0
Hexes          | 2 3 |  3.7
Armour         | 2 3 |  3.0
Throwing       | 1 2 |  2.3
Dodging        | |  1.3

Action                     |  1- 3 |  4- 6 |  7- 9 || total
---------------------------+-------+-------+-------++-------
  Melee: Short sword       |    60 |     1 |    53 ||   114
         Unarmed           |     5 |       |       ||     5
         Halberd           |       |    26 |       ||    26
         Dagger            |       |       |   120 ||   120
         Mace              |       |       |    10 ||    10
         Flail             |       |       |     3 ||     3
   Fire: Longbow           |       |    60 |    12 ||    72
  Throw: Boomerang         |       |       |     9 ||     9
   Cast: Foxfire           |    74 |    34 |    36 ||   144
         Inner Flame       |       |       |    14 ||    14
         Blink             |       |       |     6 ||     6
         Scorch            |       |       |    10 ||    10
    Use: Scroll            |     1 |     4 |     7 ||    12
         Potion            |       |       |     3 ||     3
 Armour: Robe              |    20 |       |       ||    20
         Ring mail         |    40 |    81 |   131 ||   252
         Troll leather arm |       |       |    67 ||    67
  Dodge: Dodged            |    46 |    44 |   137 ||   227

Table legend: (Time is in decaauts)
 A = Elapsed time spent in this place.
 B = Non-inter-level travel time spent in this place.
 C = Inter-level travel time spent in this place.
 D = Time resting spent in this place.
 E = Time spent auto-exploring this place.
 F = Levels seen in this place.
 G = Mean time per level.
                   A        B        C        D        E       F      G
               +--------+--------+--------+--------+--------+-----+--------+
         Total |   6012 |   5687 |    325 |    356 |   3569 |   9 |  668.0 |
       Dungeon |   5656 |   5382 |    274 |    356 |   3376 |   7 |  808.0 |
        Temple |    215 |    164 |     51 |      0 |    161 |   1 |  215.0 |
         Sewer |    140 |    140 |      0 |      0 |     31 |   1 |  140.0 |
               +--------+--------+--------+--------+--------+-----+--------+

Top non-repeatable levels by time:
     D:2: 1538 daAuts
     D:5: 1445 daAuts
     D:3: 774 daAuts
     D:1: 682 daAuts
     D:4: 578 daAuts
     D:6: 499 daAuts
  Temple: 215 daAuts
   Sewer: 140 daAuts
     D:7: 137 daAuts
